 Dungeon Crawl Stone Soup version 0.20.0-7-g3b7b877 (webtiles) character file.

1661731 Deemzul the Ninja (level 27, 211/211 HPs)
             Began as an Octopode Berserker on May 29, 2017.
             Was a High Priest of Trog.
             Escaped with the Orb
             ... and 3 runes!
             The game lasted 02:45:18 (79585 turns).

Deemzul the Ninja (Octopode Berserker)             Turns: 79585, Time: 02:45:19

Health: 211/211    AC:  2    Str: 26    XL:     27
Magic:  44/44      EV: 37    Int:  4    God:    Trog [*****.]
Gold:   783        SH: 31    Dex: 33    Spells: 26/26 levels left

rFire    + + +     SeeInvis +   e - +8 demon blade "Leech" {vamp, rN+ AC-3 EV-3}
rCold    + + .     Gourm    .   t - +5 shield {reflect}
rNeg     + + +     Faith    .   H - +2 hat of the Invisible Hand {rElec rN+ MR++ Str-3}
rPois    +         Spirit   .   q - brooch of Shielding {Reflect SH+8}
rElec    +         Reflect  +   G - +5 ring of strength
rCorr    .         Harm     .   R - ring "Puukhlos" {Wiz -Tele rC++ Dex+5}
MR       +++++     NoTele   +   u - ring of Mistrust {Str+4 Int-3 SInv Stlth+}
Stlth    +++++.....             i - ring "Duhux" {rPois rF+ rN+ Int-5 Dex+4 Slay+5}
Regen    0.5/turn               h - ring of protection from fire
MPRegen  0.3/turn               U - ring "Muwysueq" {rPois Dex+4}
                                Z - +4 ring of slaying
                                l - ring "Xuagein" {rF+ rN+ MR+ MP+9}

@: no status effects
A: almost no armour, stealthy swim, amphibious, 8 rings, constrict 8, repulsion
field 1, iridescent scales 1, camouflage 1, clever 1, deterioration 1, screaming
1, teleportitis 1, gelatinous body 1
0: Orb of Zot
}: 3/15 runes: decaying, serpentine, silver
a: Berserk, Trog's Hand, Brothers in Arms, Burn Spellbooks, Renounce Religion


You escaped.
You worshipped Trog.
Trog was extremely pleased with you.
You were not hungry.

You visited 10 branches of the dungeon, and saw 50 of its levels.

You collected 6760 gold pieces.
You spent 5977 gold pieces at shops.

Inventory:

Hand Weapons
 e - the +8 demon blade "Leech" (weapon) {vamp, rN+ AC-3 EV-3}
   (You took it off a frost giant on level 3 of the Depths)

   It inflicts no extra harm, but heals its wielder when it wounds a living foe.
   It affects your AC (-3).
   It affects your evasion (-3).
   It protects you from negative energy.
 X - a +9 antimagic double sword
Armour
 t - a +5 shield of reflection (worn)
 H - the +2 hat of the Invisible Hand (worn) {rElec rN+ MR++ Str-3}
   (You bought it in a shop on level 2 of the Snake Pit)

   It affects your strength (-3).
   It insulates you from electricity.
   It protects you from negative energy.
   It affects your resistance to hostile enchantments.
Jewellery
 h - a ring of protection from fire (on tentacle)
 i - the ring "Duhux" (on tentacle) {rPois rF+ rN+ Int-5 Dex+4 Slay+5}
   (You found it on level 5 of the Vaults)

   [ring of poison resistance]

   It affects your intelligence (-5).
   It affects your dexterity (+4).
   It affects your accuracy and damage with ranged weapons and melee attacks
   (+5).
   It protects you from fire.
   It protects you from poison.
   It protects you from negative energy.
 l - the ring "Xuagein" (on tentacle) {rF+ rN+ MR+ MP+9}
   (You bought it in a shop on level 1 of the Depths)

   [ring of magical power]

   It protects you from fire.
   It protects you from negative energy.
   It affects your resistance to hostile enchantments.
   It affects your magic capacity (+9).
 q - the brooch of Shielding (around mantle) {Reflect SH+8}
   (You took it off a tengu conjurer on level 1 of the Depths)

   [amulet of reflection]

   It shields you and reflects attacks.
   It affects your SH (+8).
 u - the ring of Mistrust (on tentacle) {Str+4 Int-3 SInv Stlth+}
   (You found it on level 6 of the Lair of Beasts)

   [ring of see invisible]

   It affects your strength (+4).
   It affects your intelligence (-3).
   It lets you see invisible.
   It makes you more stealthy.
 E - an uncursed ring of resist corrosion
 G - a +5 ring of strength (left tentacle)
 M - the amulet "Magair" {Gourm MR+ Dex+2}
   (You took it off an ogre mage on level 3 of the Depths)

   [amulet of the gourmand]

   It allows you to eat raw meat even when not hungry.
   It affects your dexterity (+2).
   It affects your resistance to hostile enchantments.
 R - the ring "Puukhlos" (right tentacle) {Wiz -Tele rC++ Dex+5}
   (You found it on level 5 of the Vaults)

   [ring of wizardry]

   It improves your spell success rate.
   It affects your dexterity (+5).
   It greatly protects you from cold.
   It prevents most forms of teleportation.
 S - an uncursed ring of protection from cold
 U - the ring "Muwysueq" (on tentacle) {rPois Dex+4}
   (You bought it in a shop on level 1 of the Depths)

   [ring of poison resistance]

   It affects your dexterity (+4).
   It protects you from poison.
 Z - a +4 ring of slaying (on tentacle)
Wands
 z - a wand of acid (15/15)
 F - a wand of paralysis (24/24)
 L - a wand of lightning (15/15)
 O - a wand of digging (18/24)
 P - a wand of clouds (9/9)
Scrolls
 d - 14 scrolls of identify
 g - 5 scrolls of blinking
 o - 4 scrolls of recharging
 p - 7 scrolls of fear
 w - 24 scrolls of remove curse
 y - a scroll of enchant weapon
 C - 6 scrolls of magic mapping
 I - 18 scrolls of teleportation
 K - 6 scrolls of silence
 T - 3 scrolls of summoning
 W - a scroll of holy word
Potions
 a - 8 potions of agility
 c - 2 potions of might
 f - 3 potions of heal wounds
 j - 7 potions of ambrosia
 k - 3 potions of cancellation
 m - 2 potions of resistance
 r - 6 potions of flight
 s - 7 potions of haste
 x - 4 potions of berserk rage
 A - 18 potions of curing
 D - 5 potions of brilliance
 V - 2 potions of invisibility
Miscellaneous
 n - a fan of gales
 v - 3 sacks of spiders
 B - a lamp of fire
 N - 6 boxes of beasts
 Q - a phial of floods
 Y - 2 phantom mirrors
Comestibles
 b - 22 bread rations


   Skills:
 * Level 23.1 Fighting
 * Level 23.3 Long Blades
   Level 13.2 Bows
 * Level 22.2 Dodging
 O Level 27 Stealth
 * Level 17.8 Shields
 + Level 17.2 Evocations


You had 26 spell levels left.
You didn't know any spells.

Dungeon Overview and Level Annotations

Branches:
Dungeon (15/15)            Temple (1/1) D:6            Lair (6/6) D:10
  Swamp (4/4) Lair:4        Snake (4/4) Lair:4        Slime (0/5) Lair:6
    Orc (2/2) D:9             Elf (3/3) Orc:2        Vaults (5/5) D:13
  Crypt (0/3) Vaults:3     Depths (5/5) D:15            Zot (5/5) Depths:5

Altars:
Ashenzari
Cheibriados
Dithmenos
Elyvilon
Fedhas
Gozag
Hepliaklqana
Kikubaaqudgha
Makhleb
Nemelex Xobeh
Okawaru
Qazlal
Ru
Sif Muna
Trog
Uskayaw
Vehumet
Xom
Yredelemnul
Zin
The Shining One
Beogh

Shops:
D:8 :   Orc:1 [=?=   Orc:2 [(([   Elf:1 (   Elf:2 (   Snake:2 [*}**
Snake:3 %([[   Vaults:3 :   Depths:1 }==   Depths:2 [[   Depths:4 *[!(}

Portals:
Hell: Depths:1 Depths:2 Depths:3 Depths:4 Depths:5
Abyss: Depths:2 Depths:4
Pandemonium: Depths:2 Depths:3
Ziggurat: Depths:4

Annotations:
D:6 2 runed doors
Elf:2 3 runed doors
Elf:3 exclusions: obsidian statue and orange crystal statue
Zot:4 exclusion: 3 lightning spires


Innate Abilities, Weirdness & Mutations

You cannot wear most types of armour.
You are very stealthy in the water. (Stealth+)
You are amphibious.
You can wear up to eight rings at the same time.
You can use your tentacles to constrict eight enemies at once.
Your skin changes colour to match your surroundings (Stealth+).
Your rubbery body absorbs attacks. (AC +1, EV +1)
You are surrounded by a mild repulsion field. (EV +2)
You are partially covered in iridescent scales. (AC +2)
Your mind is acute. (Int +2)
Your body sometimes deteriorates upon taking damage.
You occasionally shout uncontrollably at your foes.
You are occasionally teleported next to monsters.


Message History

The chaos spawn degenerates into a cloud of primal chaos!
No target in view!
Your ogre is engulfed in seething chaos.
Your ogre is moving more slowly.
Your ogre rages.
HP restored.
Your ogre stops moving altogether!
You see here a stone.
You hear a shout!
You hear a shout!
You hear a shout!
An ufetubus comes into view.
You miss the ufetubus. You grab the ufetubus. You squeeze the ufetubus.
You kill the ufetubus!
Trog accepts your kill.
No target in view!
There is an open door here.
There is an open door here.
There is a staircase leading out of the dungeon here.
You have escaped!

.# #..................# .##
#####.#################
..###.###..######## #####.#
...##.........#...###..#..#
....##..#.................#
###...........#####.......#
..####.....####...####....#
.....###'###.........###..#
⌠......'.'......@......#.##
.....###'###.........###..#
..####.....####...####....#
###.....###...#####.....###
......#...##........#.###
.###############....### ##
######


There were no monsters in sight!

Vanquished Creatures
  Mara (Depths:3)
  5 orbs of fire
  6 ancient liches
  The ghost of Reinor the Archmage, a legendary SpEE of Vehumet (Vaults:5)
  Mennas (Depths:4)
  The ghost of newuser the Conqueror, a master MiFi of Makhleb (Vaults:5)
  Margery (Vaults:4)
  Bai Suzhen (Snake:4)
  Xtahua (Vaults:5)
  A caustic shrike (Depths:3)
  3 curse toes
  3 Killer Klowns (Zot:5)
  3 pandemonium lords
  12 golden dragons
  Nikola (Depths:3)
  A profane servitor (Depths:1)
  Jory (Depths:3)
  2 electric golems (Zot:5)
  19 tentacled monstrosities
  4 liches
  An Ice Fiend (Zot:2)
  25 Orb Guardians
  6 quicksilver dragons
  2 deep elf blademasters (Elf:3)
  Gastronok (Lair:2)
  8 death cobs
  7 titans
  6 sphinxes
  3 thorn hunters
  An Executioner (Depths:2)
  11 shadow dragons
  7 tengu reavers
  10 draconian monks
  22 storm dragons
  15 frost giants
  10 draconian knights
  An iron dragon (Depths:3)
  12 fire giants
  Aizul (Swamp:2)
  7 deep elf sorcerers
  10 vault wardens
  9 nagarajas
  4 draconian scorchers
  4 ghost moths
  2 balrugs
  8 draconian stormcallers
  6 draconian shifters
  2 ghouls (Vaults:4)
  A caustic shrike zombie (Depths:3)
  7 deep elf elementalists
  15 ironheart preservers
  2 draconian annihilators
  2 spriggan defenders
  A war gargoyle (Zot:4)
  25 very ugly things
  26 stone giants
  15 black draconians
  9 deep elf demonologists
  2 vampire knights
  13 green draconians
  5 entropy weavers
  8 white draconians
  8 deep elf annihilators
  10 spark wasps
  11 yellow draconians
  A spark wasp (shapeshifter) (Vaults:4)
  14 purple draconians
  9 red draconians
  9 deep elf death magi
  A green death (Depths:5)
  A crystal guardian (Vaults:5)
  A blizzard demon (D:11)
  A jiangshi (Depths:3)
  3 deep elf high priests
  20 ettins
  Josephine (D:11)
  18 ogre magi
  8 great orbs of eyes
  Harold (Lair:3)
  14 yaktaur captains
  19 fire dragons
  13 ice dragons
  5 rakshasas
  2 ghost crabs
  7 naga warriors
  39 vault guards
  26 hydras
  A monstrous demonspawn (Depths:2)
  10 centaur warriors
  6 death knights
  A catoblepas (Lair:6)
  3 spriggan air magi
  20 anacondas
  38 two-headed ogres
  3 hell hogs
  6 dancing weapons
  15 death yaks
  9 deep troll earth magi
  8 alligators
  10 spriggan berserkers
  8 deep troll shamans
  5 orc high priests
  11 naga sharpshooters
  5 tengu warriors
  11 shock serpents
  2 sun demons
  12 deep elf knights
  Nergalle (Orc:1)
  3 soul eaters
  11 hell knights
  2 fire crabs (shapeshifter)
  A shadow wraith (Vaults:4)
  8 skeletal warriors
  4 salamander mystics (Snake:4)
  3 sixfirhies (Zot:4)
  3 iron trolls
  A golden dragon zombie (Depths:3)
  A torturous demonspawn (Depths:2)
  35 deep trolls
  An unseen horror (shapeshifter) (Vaults:4)
  A spriggan druid (Swamp:4)
  4 unseen horrors
  11 flayed ghosts
  9 glowing orange brains
  2 shambling mangroves (Swamp:4)
  8 swamp dragons (Swamp:4)
  12 deep elf archers
  An infernal demonspawn (Depths:2)
  10 wizards
  A lindwurm (Lair:6)
  15 orc knights
  9 ironbrand convokers
  A harpy (Vaults:5)
  Pikel (D:9)
  8 phantasmal warriors
  A sphinx zombie (Depths:3)
  4 wolf spiders
  8 naga ritualists
  An oklob plant (Lair:4)
  A tengu skeleton (Depths:3)
  10 mana vipers
  46 deep elf magi
  9 necromancers
  7 orc sorcerers
  7 salamanders
  46 ugly things
  A frost giant zombie (Vaults:3)
  3 manticores
  22 moths of wrath
  14 cyclopes
  A moth of wrath (shapeshifter) (Depths:3)
  An elephant (shapeshifter) (Elf:2)
  A fire giant skeleton (Depths:3)
  A guardian serpent (shapeshifter) (Vaults:4)
  46 black mambas
  An eye of devastation (Lair:6)
  11 guardian serpents
  13 elephants
  9 vault sentinels
  2 orange demons
  20 naga magi
  A stone giant skeleton (Vaults:3)
  A rust devil (Depths:5)
  24 spiny frogs
  3 smoke demons
  A gargoyle (D:13)
  5 komodo dragons
  34 yaktaurs
  5 centaur skeletons
  A rime drake (Lair:6)
  2 efreet
  12 freezing wraiths
  A kobold demonologist (D:15)
  2 hellwings
  3 red devils
  6 tengu conjurers
  A human skeleton (Vaults:3)
  A tyrant leech (shapeshifter) (Vaults:4)
  5 tyrant leeches
  15 hornets
  A meliai (shapeshifter) (Depths:2)
  11 trolls
  A jumping spider (shapeshifter) (Depths:3)
  Grinder (D:6)
  29 blink frogs
  4 bog bodies
  2 raiju (Zot:4)
  11 hippogriffs
  39 slime creatures
  4 dream sheep (Lair:5)
  2 hippogriffs (shapeshifter)
  A snapping turtle (shapeshifter) (Depths:1)
  8 air elementals
  2 vampires (D:14)
  A ynoxinul (Depths:2)
  9 water elementals
  A wyvern (shapeshifter) (Depths:3)
  9 redbacks
  8 spriggans
  A tarantella (Vaults:5)
  3 shadows
  10 wraiths
  5 wyverns
  2 fire elementals (Elf:3)
  5 basilisks
  36 yaks
  A human (shapeshifter) (Depths:4)
  A steam dragon (shapeshifter) (Vaults:4)
  19 vampire mosquitoes
  A yaktaur simulacrum (Vaults:2)
  3 hungry ghosts
  A steam dragon (Lair:2)
  24 swamp worms
  10 wargs
  40 nagas
  A swamp worm (shapeshifter) (Vaults:5)
  5 hell hounds (Depths:4)
  2 acid dragons
  10 water moccasins
  A floating eye (Vaults:4)
  8 porcupines
  A swamp drake (shapeshifter) (Depths:2)
  4 ice beasts
  2 sky beasts
  A sky beast (shapeshifter) (Vaults:1)
  4 eyes of draining
  66 orc warriors
  14 swamp drakes
  2 phantoms
  An eye of draining (shapeshifter) (Depths:1)
  40 ogres
  8 black bears
  9 wolves
  6 boggarts
  45 centaurs
  6 crocodiles
  3 big kobolds
  A bullfrog (shapeshifter) (Depths:3)
  An earth elemental (Elf:2)
  22 bullfrogs
  A wyvern zombie (D:10)
  2 gnoll sergeants
  5 scorpions
  2 wyvern skeletons (D:11)
  A hornet simulacrum (Vaults:1)
  8 wights
  11 killer bees
  6 electric eels
  7 howler monkeys
  12 crimson imps
  10 centaur zombies
  3 quasits
  2 bullfrog zombies
  7 hounds
  2 iron imps
  15 jellies
  40 orc priests
  6 iguanas
  18 orc wizards
  5 bullfrog skeletons
  14 worker ants
  A small abomination (Depths:4)
  2 hound skeletons (D:6)
  A howler monkey zombie (D:8)
  14 gnolls
  11 adders
  3 shadow imps
  2 white imps (Depths:2)
  2 ufetubi
  3 oozes
  2 adder skeletons (D:4)
  A worm (shapeshifter) (Vaults:5)
  2 worms
  A dart slug (D:3)
  4 leopard geckos
  135 orcs
  7 bats
  11 giant cockroaches
  7 goblins
  3 hobgoblins
  10 jackals
  21 kobolds
  4 quokkas
  A ball python (D:4)
  7 frilled lizards
  A jackal zombie (D:3)
  A leopard gecko skeleton (D:5)
  A quokka skeleton (D:5)
  A quokka zombie (D:9)
  12 rats
  A butterfly (D:6)
  2 plants
2422 creatures vanquished.

Vanquished Creatures (collateral kills)
  A juggernaut (Depths:3)
  A quicksilver dragon (Depths:3)
  A sphinx (Depths:4)
  A draconian monk (Zot:4)
  A tengu reaver (Depths:3)
  2 fire giants
  A nagaraja (Snake:4)
  An orc warlord (Orc:2)
  A vault warden (Vaults:4)
  2 ironheart preservers (Vaults:4)
  2 stone giants (Vaults:4)
  A spark wasp (Depths:4)
  An ettin (Depths:3)
  Snorg (Orc:1)
  2 fire dragons
  2 yaktaur captains
  An ice dragon (Depths:4)
  2 vault guards (Vaults:4)
  2 death yaks (D:10)
  An orc high priest (Orc:2)
  A hell knight (Vaults:4)
  2 deep trolls (Vaults:4)
  A naga ritualist (Snake:4)
  A glowing orange brain (Vaults:4)
  A harpy (shapeshifter) (Depths:3)
  2 phantasmal warriors
  3 oklob plants (Lair:4)
  2 mana vipers (Snake:4)
  2 elephants (Lair:4)
  A black mamba (shapeshifter) (Vaults:4)
  A torpor snail (shapeshifter) (Depths:3)
  A vault sentinel (Vaults:4)
  An eye of devastation (Vaults:4)
  A chaos spawn (D:1)
  2 nagas (Snake:4)
  An orc warrior (Orc:1)
  An eye of draining (Vaults:4)
  A centaur (Vaults:4)
  3 ogres (Vaults:4)
  2 orc priests (Orc:1)
57 creatures vanquished.

Vanquished Creatures (others)
  A deep elf master archer (Elf:3)
  A draconian knight (Depths:5)
  A stone giant (Depths:5)
  3 black draconians (Zot:4)
  A spark wasp (Depths:4)
  A yaktaur captain (Vaults:5)
  A deep troll shaman (Depths:4)
  2 naga sharpshooters (Snake:4)
  A deep elf knight (Vaults:4)
  A deep elf mage (Vaults:5)
  2 cyclopes (Depths:2)
  4 yaktaurs
  3 slaves (D:9)
  A black bear (D:9)
  2 centaurs
  A bullfrog (Lair:2)
  An adder (D:9)
  5 ball lightnings (Zot:4)
  A quokka (D:3)
  12 fungi
  15 plants
60 creatures vanquished.

Grand Total: 2539 creatures vanquished

Notes
Turn   | Place    | Note
-------+----------+-------------------------------------------
     0 | D:1      | Deemzul the Octopode Berserker began the quest for the Orb.
     0 | D:1      | Reached XP level 1. HP: 16/16 MP: 1/1
   125 | D:1      | Reached skill level 1 in Stealth
   190 | D:1      | Reached XP level 2. HP: 21/21 MP: 2/2
   821 | D:2      | Reached XP level 3. HP: 19/26 MP: 3/3
   874 | D:2      | Reached ** piety under Trog
  1425 | D:3      | Reached skill level 2 in Stealth
  1425 | D:3      | Reached XP level 4. HP: 32/32 MP: 4/4
  1438 | D:3      | Found an iron altar of Okawaru.
  1446 | D:3      | Noticed a bullfrog
  1453 | D:3      | Killed a bullfrog
  1453 | D:3      | Reached XP level 5. HP: 37/37 MP: 5/5
  1611 | D:3      | Found a white marble altar of Elyvilon.
  1948 | D:3      | Found an opulent altar of Gozag.
  2127 | D:4      | Reached skill level 3 in Stealth
  2127 | D:4      | Reached XP level 6. HP: 30/44 MP: 6/6
  2699 | D:4      | Reached *** piety under Trog
  2699 | D:4      | Reached skill level 5 in Fighting
  2702 | D:4      | Reached XP level 7. HP: 50/50 MP: 7/7
  2764 | D:4      | Reached skill level 4 in Stealth
  2929 | D:4      | Found a white marble altar of Elyvilon.
  2964 | D:4      | Reached skill level 5 in Long Blades
  3081 | D:4      | Found a basalt altar of Yredelemnul.
  3583 | D:5      | Entered Level 5 of the Dungeon
  3891 | D:5      | Found a glowing golden altar of the Shining One.
  4085 | D:5      | Reached XP level 8. HP: 50/57 MP: 8/8
  4320 | D:6      | Noticed Grinder
  4330 | D:6      | Paralysed by Grinder for 4 turns
  4340 | D:6      | Killed Grinder
  4340 | D:6      | Reached skill level 5 in Dodging
  4340 | D:6      | Reached skill level 5 in Stealth
  4384 | D:6      | HP: 4/87 [orc (3)]
  4810 | D:6      | Found a staircase to the Ecumenical Temple.
  4826 | D:6      | Found a burning altar of Makhleb.
  4835 | Temple   | Entered the Ecumenical Temple
  5026 | D:6      | Found a large runed door.
  5026 | D:6      | Found a large runed door.
  5038 | D:6      | Found a radiant altar of Vehumet.
  5044 | D:6      | Reached skill level 6 in Stealth
  5125 | D:6      | Found a large runed door.
  5125 | D:6      | Found a large runed door.
  5132 | D:6      | Reached **** piety under Trog
  5359 | D:6      | Reached XP level 9. HP: 59/64 MP: 9/9
  5893 | D:7      | Found a bloodstained altar of Trog.
  6481 | D:7      | Reached skill level 7 in Stealth
  6763 | D:7      | Found a sacrificial altar of Ru.
  7275 | D:8      | Reached XP level 10. HP: 65/73 MP: 10/10
  7371 | D:8      | Found a snail-covered altar of Cheibriados.
  7497 | D:8      | Reached ***** piety under Trog
  7545 | D:8      | Reached skill level 8 in Stealth
  7764 | D:8      | Found Derhaatu's Book Shop.
  7881 | D:8      | Received a gift from Trog
  7884 | D:8      | Got a pitted shortbow {god gift}
  7962 | D:8      | Identified the +5 shortbow "Xophun" {velocity, rPois} (Trog gifted it to you on level 8 of the Dungeon)
  8005 | D:8      | Noticed a manticore
  8019 | D:8      | Killed a manticore
  8472 | D:6      | Noticed a brown ugly thing
  8498 | D:6      | Killed a brown ugly thing
  8502 | D:6      | Gained mutation: You are partially covered in iridescent scales. (AC +2) [mutagenic meat]
  8503 | D:6      | Gained mutation: Your mind is acute. (Int +2) [mutagenic meat]
  8504 | D:6      | Gained mutation: Your magical capacity is low. (-10% MP) [mutagenic meat]
  9367 | D:9      | Noticed Pikel
  9370 | D:9      | Killed Pikel
  9370 | D:9      | Reached skill level 1 in Bows
  9370 | D:9      | Reached skill level 9 in Stealth
  9416 | D:9      | Noticed a two-headed ogre
  9421 | D:9      | Killed a two-headed ogre
  9421 | D:9      | Reached skill level 10 in Fighting
  9421 | D:9      | Reached skill level 10 in Long Blades
  9421 | D:9      | Reached XP level 11. HP: 81/81 MP: 9/9
  9580 | D:9      | Found a staircase to the Orcish Mines.
  9912 | D:9      | Found a hazy altar of Hepliaklqana.
 10535 | Orc:1    | Entered Level 1 of the Orcish Mines
 10546 | Orc:1    | Found Nusholoz's Jewellery Shoppe.
 10611 | Orc:2    | Entered Level 2 of the Orcish Mines
 11219 | Orc:1    | Received a gift from Trog
 11262 | Orc:1    | Found Qeekk's Magic Scroll Shop.
 11271 | Orc:1    | Found a roughly hewn altar of Beogh.
 11327 | Orc:1    | Noticed Snorg
 11339 | Orc:1    | Killed Snorg
 11536 | Orc:1    | Bought a scroll of summoning for 133 gold pieces
 11553 | Orc:1    | Found Qeobb's Antique Armour Boutique.
 11562 | Orc:1    | Noticed Nergalle
 11572 | Orc:1    | Killed Nergalle
 11828 | Orc:1    | Found Ryitofe's Jewellery Boutique.
 11836 | Orc:1    | Bought an uncursed ring of stealth for 210 gold pieces
 11836 | Orc:1    | Bought a +3 ring of strength for 188 gold pieces
 11969 | Orc:2    | Noticed a two-headed ogre
 11975 | Orc:2    | Killed a two-headed ogre
 11975 | Orc:2    | Reached skill level 10 in Stealth
 12302 | Orc:2    | Noticed an orc sorcerer
 12307 | Orc:2    | Killed an orc sorcerer
 12938 | Orc:2    | Noticed an ettin
 12938 | Orc:2    | Noticed an orc knight
 12939 | Orc:2    | Found Cutynoq's Weapon Shop.
 12982 | Orc:2    | Killed an ettin
 12982 | Orc:2    | Reached XP level 12. HP: 90/90 MP: 10/10
 13183 | Orc:2    | Found Gus Nac's Armour Boutique.
 13294 | Orc:2    | Found a roughly hewn altar of Beogh.
 13723 | Orc:2    | Received a gift from Trog
 13900 | Orc:2    | Noticed a two-headed ogre
 13924 | Orc:2    | Killed a two-headed ogre
 14248 | Orc:2    | Noticed a two-headed ogre
 14253 | Orc:2    | Killed a two-headed ogre
 14357 | Orc:2    | Noticed an orc warlord
 14415 | Orc:2    | Reached skill level 11 in Stealth
 14448 | Orc:1    | Bought a +3 ring of dexterity for 251 gold pieces
 14488 | D:10     | Entered Level 10 of the Dungeon
 14497 | D:10     | Reached skill level 5 in Bows
 14510 | D:10     | Reached skill level 1 in Evocations
 14709 | D:10     | Found a shadowy altar of Dithmenos.
 14860 | D:10     | Noticed a death yak
 14860 | D:10     | Noticed a death yak
 14880 | D:10     | Noticed a two-headed ogre
 14890 | D:10     | Noticed a two-headed ogre
 14979 | D:10     | Killed a two-headed ogre
 15040 | D:10     | Found a staircase to the Lair.
 15042 | D:10     | Noticed a death yak
 15046 | D:10     | Noticed a death yak
 15046 | D:10     | Noticed a death yak
 15047 | D:10     | Noticed a death yak
 15119 | D:10     | Noticed a death yak
 15166 | D:10     | Noticed a two-headed ogre
 15177 | D:10     | Killed a two-headed ogre
 15360 | D:10     | Reached ****** piety under Trog
 15465 | D:10     | Reached XP level 13. HP: 97/97 MP: 13/13
 15609 | D:9      | Received a gift from Trog
 15779 | Lair:1   | Entered Level 1 of the Lair of Beasts
 16493 | D:11     | Noticed Josephine
 16499 | D:11     | Killed Josephine
 16504 | D:11     | Reached skill level 10 in Dodging
 17651 | D:12     | Found a shimmering altar of Xom.
 17667 | D:12     | Received a gift from Trog
 18907 | Lair:1   | Received a gift from Trog
 19973 | Orc:2    | Killed an orc warlord
 19973 | Orc:2    | Reached skill level 12 in Stealth
 20081 | Orc:2    | Found a roughly hewn altar of Beogh.
 20200 | Orc:2    | Reached skill level 1 in Shields
 20592 | Orc:2    | Reached XP level 14. HP: 106/106 MP: 5/15
 20785 | Orc:2    | Found Athaj's Antique Armour Emporium.
 21090 | Orc:2    | Found Curghyir's Antique Weapon Shoppe.
 21219 | Orc:1    | Bought a scroll of magic mapping for 49 gold pieces
 22476 | Lair:2   | Reached skill level 5 in Evocations
 22551 | Lair:2   | Received a gift from Trog
 23260 | Lair:2   | Noticed Gastronok
 23272 | Lair:2   | Killed Gastronok
 23539 | Lair:3   | Noticed Harold
 23546 | Lair:3   | Killed Harold
 23620 | Lair:3   | Lost mutation: Your mind is acute. (Int +2) [potion of mutation]
 23620 | Lair:3   | Lost mutation: Your magical capacity is low. (-10% MP) [potion of mutation]
 23620 | Lair:3   | Gained mutation: You are robust. (+10% HP) [potion of mutation]
 23620 | Lair:3   | Gained mutation: Your muscles are strong. (Str +2) [potion of mutation]
 23620 | Lair:3   | Gained mutation: You are surrounded by a mild repulsion field. (EV +2) [potion of mutation]
 23620 | Lair:3   | Gained mutation: Your mind is acute. (Int +2) [potion of mutation]
 24527 | Lair:4   | Found a staircase to the Snake Pit.
 24960 | Lair:4   | Reached skill level 13 in Stealth
 24964 | Lair:4   | Reached XP level 15. HP: 74/122 MP: 6/19
 25359 | Lair:5   | Received a gift from Trog
 26238 | Lair:6   | Entered Level 6 of the Lair of Beasts
 26296 | Lair:6   | Found a staircase to the Slime Pits.
 26661 | Lair:6   | Received a gift from Trog
 27665 | Lair:6   | Got an ancient pewter ring
 27666 | Lair:6   | Identified the ring of Mistrust {Str+4 Int-3 SInv Stlth+} (You found it on level 6 of the Lair of Beasts)
 28059 | D:12     | Received a gift from Trog
 29214 | D:13     | Found a gate to the Vaults.
 29329 | D:13     | Received a gift from Trog
 29454 | D:13     | Reached XP level 16. HP: 56/130 MP: 7/21
 29724 | D:13     | Reached skill level 5 in Shields
 30122 | D:13     | Found a shimmering altar of Xom.
 30257 | D:14     | Reached skill level 14 in Stealth
 30592 | D:14     | Received a gift from Trog
 30876 | D:15     | Entered Level 15 of the Dungeon
 31413 | D:15     | Found a staircase to the Depths.
 31950 | Depths:1 | Entered Level 1 of the Depths
 32141 | Depths:1 | Found Takhloa's Gadget Emporium.
 32142 | Depths:1 | Found Nouhel's Jewellery Boutique.
 32142 | Depths:1 | Found Aqeeser's Jewellery Boutique.
 32152 | Depths:1 | Bought the ring "Xuagein" {rF+ rN+ MR+ MP+9} for 744 gold pieces
 32420 | Depths:1 | Received a gift from Trog
 32425 | Depths:1 | Reached skill level 15 in Long Blades
 32646 | D:15     | Found a snail-covered altar of Cheibriados.
 33116 | Depths:1 | Found a gateway to Hell.
 33236 | Depths:1 | Found a runed door.
 33495 | Depths:1 | Reached skill level 15 in Fighting
 33500 | Depths:1 | Identified a scroll of acquirement
 33625 | Depths:1 | Got a glittering sapphire amulet
 33626 | Depths:1 | Identified the amulet of Xonnikao {+Rage rF+ rC- Str+2} (You acquired it on level 1 of the Depths)
 33689 | Depths:2 | Reached XP level 17. HP: 139/139 MP: 10/23
 33897 | Depths:2 | Found a one-way gate to the infinite horrors of the Abyss.
 34182 | Depths:2 | Received a gift from Trog
 34938 | Depths:2 | Noticed a titan
 34947 | Depths:2 | Killed a titan
 35335 | Depths:2 | Found Ufrogul's Antique Armour Shoppe.
 35491 | Depths:2 | Found Kiloen's Antique Armour Emporium.
 35505 | Depths:2 | Reached skill level 15 in Stealth
 35514 | Depths:2 | Bought an embroidered hat for 126 gold pieces
 36491 | Depths:2 | Reached XP level 18. HP: 148/148 MP: 11/24
 37092 | Depths:2 | Received a gift from Trog
 37100 | Depths:2 | Found a one-way gate leading to the halls of Pandemonium.
 37415 | Depths:1 | Received a gift from Trog
 37801 | Lair:4   | Found a staircase to the Swamp.
 37824 | Swamp:1  | Entered Level 1 of the Swamp
 39003 | Swamp:2  | Noticed Aizul
 39057 | Swamp:2  | Killed Aizul
 39516 | Swamp:2  | Noticed a tentacled monstrosity
 39525 | Swamp:2  | Killed a tentacled monstrosity
 39702 | Swamp:3  | Reached skill level 10 in Bows
 39704 | Swamp:3  | Reached skill level 10 in Evocations
 39985 | Swamp:3  | Reached XP level 19. HP: 155/155 MP: 11/26
 40549 | Swamp:4  | Entered Level 4 of the Swamp
 40700 | Swamp:4  | Reached skill level 15 in Dodging
 41143 | Swamp:4  | Reached XP level 20. HP: 154/163 MP: 12/27
 41191 | Swamp:4  | Reached skill level 16 in Stealth
 41241 | Swamp:4  | Received a gift from Trog
 41303 | Swamp:4  | Got a decaying rune of Zot
 42112 | Lair:4   | Got a smoking platinum amulet
 42113 | Lair:4   | Identified the amulet "Xazes" {Spirit Dex+3 Slay-5 Stlth+} (You found it on level 4 of the Lair of Beasts)
 42131 | Snake:1  | Entered Level 1 of the Snake Pit
 42161 | Snake:1  | Received a gift from Trog
 43566 | Snake:2  | Found Nukause's Gadget Shop.
 43792 | Snake:2  | Found Morucoe's Assorted Antiques.
 43875 | Snake:2  | Found Korghos's Assorted Antiques.
 43888 | Snake:2  | Bought a distressingly furry hat for 369 gold pieces
 43902 | Snake:2  | Identified the +2 hat of the Invisible Hand {rElec rN+ MR++ Str-3} (You bought it in a shop on level 2 of the Snake Pit)
 44095 | Snake:2  | Found Zeqero's Assorted Antiques.
 44197 | Snake:2  | Found Issasch's Antique Armour Shoppe.
 44294 | Snake:3  | Received a gift from Trog
 44374 | Snake:3  | Found Qaroukad's Armour Boutique.
 44376 | Snake:3  | Found Laenuup's Antique Armour Shop.
 44378 | Snake:3  | Found Vanagua's Weapon Boutique.
 44797 | Snake:3  | Found Omontush's Food Boutique.
 44887 | Snake:4  | Entered Level 4 of the Snake Pit
 45251 | Snake:4  | Reached skill level 17 in Stealth
 45259 | Snake:4  | Noticed Bai Suzhen
 46120 | Snake:4  | Killed Bai Suzhen
 46424 | Snake:4  | Received a gift from Trog
 46424 | Snake:4  | Reached XP level 21. HP: 113/171 MP: 12/29
 47659 | Snake:4  | Received a gift from Trog
 47775 | Snake:4  | Received a gift from Trog
 48051 | Snake:4  | Got a serpentine rune of Zot
 48095 | Snake:4  | Received a gift from Trog
 48419 | Depths:1 | Bought the ring "Muwysueq" {rPois Dex+4} for 601 gold pieces
 48523 | Vaults:1 | Entered Level 1 of the Vaults
 48955 | Vaults:1 | Received a gift from Trog
 49081 | Vaults:1 | Reached skill level 18 in Stealth
 49203 | Vaults:1 | Received a gift from Trog
 49738 | Vaults:2 | Received a gift from Trog
 49751 | Vaults:2 | Got a steaming scimitar {god gift}
 49753 | Vaults:2 | Identified the +10 scimitar of Blood {venom, rPois rF- rN++ Str+4} (Trog gifted it to you on level 2 of the Vaults)
 50576 | Vaults:2 | Reached XP level 22. HP: 179/179 MP: 13/30
 51033 | Vaults:2 | Reached skill level 10 in Shields
 51356 | Vaults:3 | Received a gift from Trog
 51501 | Vaults:3 | Found Recuab's Book Shoppe.
 51526 | Vaults:3 | Found a staircase to the Crypt.
 51526 | Vaults:3 | Found an ancient bone altar of Kikubaaqudgha.
 51527 | Vaults:3 | Found a basalt altar of Yredelemnul.
 51978 | Vaults:3 | Received a gift from Trog
 52278 | Vaults:4 | Noticed Margery
 52294 | Vaults:4 | Killed Margery
 52294 | Vaults:4 | Received a gift from Trog
 52518 | Vaults:4 | Received a gift from Trog
 52665 | Vaults:4 | Reached skill level 19 in Stealth
 52895 | Vaults:4 | Received a gift from Trog
 53597 | Vaults:4 | Reached XP level 23. HP: 121/188 MP: 13/32
 54410 | Vaults:5 | Entered Level 5 of the Vaults
 54414 | Vaults:5 | Noticed Reinor's ghost (legendary SpEE)
 54743 | Vaults:4 | Received a gift from Trog
 54903 | Vaults:5 | Noticed newuser's ghost (master MiFi)
 55097 | Vaults:5 | Noticed an ancient lich
 55528 | Orc:2    | Found a staircase to the Elven Halls.
 55580 | Elf:1    | Entered Level 1 of the Elven Halls
 55737 | Elf:1    | Found Kodoin's Weapon Boutique.
 55818 | Elf:1    | Received a gift from Trog
 56002 | Elf:1    | Identified the Handbook of Creation
 56008 | Elf:1    | Received a gift from Trog
 56453 | Elf:2    | Found a runed gate.
 56453 | Elf:2    | Found a runed gate.
 56453 | Elf:2    | Found a runed gate.
 56601 | Elf:2    | Reached skill level 20 in Stealth
 56786 | Elf:2    | Found Qasch's Weapon Shop.
 57299 | Elf:3    | Entered Level 3 of the Elven Halls
 58118 | Elf:3    | Received a gift from Trog
 58136 | Elf:3    | Reached XP level 24. HP: 198/198 MP: 13/32
 58595 | Elf:3    | Received a gift from Trog
 58984 | Elf:3    | Identified the Disquisition on Attacks and Dislocation
 59017 | Elf:3    | Identified the Disquisition on Summoning
 59020 | Elf:3    | Identified Sif Muna's Papyrus of Ice and the Arsonist
 59568 | Vaults:4 | Killed an ancient lich
 59868 | Vaults:4 | Received a gift from Trog
 60140 | Vaults:5 | Reached skill level 21 in Stealth
 62315 | Depths:3 | Noticed a caustic shrike
 62315 | Depths:3 | Noticed Nikola
 62323 | Depths:3 | Received a gift from Trog
 62326 | Depths:3 | Killed Nikola
 62330 | Depths:3 | Killed a caustic shrike
 62531 | Depths:3 | Reached skill level 22 in Stealth
 62541 | Depths:3 | Received a gift from Trog
 62541 | Depths:3 | Reached XP level 25. HP: 185/205 MP: 14/33
 62676 | Depths:3 | Noticed Mara
 63045 | Depths:3 | Killed Mara
 63307 | Depths:3 | Got a bound emerald amulet
 63308 | Depths:3 | Identified the amulet "Magair" {Gourm MR+ Dex+2} (You took it off an ogre mage on level 3 of the Depths)
 63394 | Depths:3 | Noticed Jory
 63400 | Depths:3 | Noticed a juggernaut
 63408 | Depths:3 | Killed a juggernaut
 63408 | Depths:3 | Received a gift from Trog
 63414 | Depths:3 | Killed Jory
 63845 | Depths:2 | Reached skill level 23 in Stealth
 64126 | Depths:3 | Received a gift from Trog
 64509 | Depths:3 | Got a glittering gossamer ring
 64511 | Depths:3 | Identified the ring "Kesyasos" {rPois MR+ Int+4} (You took it off a deep elf sorcerer on level 3 of the Depths)
 66003 | Depths:4 | Found Qesuw's Antique Armour Emporium.
 66013 | Depths:4 | Bought an encrusted buckler for 332 gold pieces
 66017 | Depths:4 | Identified the +1 buckler "Piytich" {rC++ Str-2 Slay+5 Stlth+} (You bought it in a shop on level 4 of the Depths)
 66103 | Depths:4 | Noticed Mennas
 66121 | Depths:4 | Killed Mennas
 66550 | Depths:4 | Reached XP level 26. HP: 214/214 MP: 14/33
 66830 | Depths:4 | Received a gift from Trog
 66830 | Depths:4 | Reached skill level 24 in Stealth
 66855 | Depths:4 | Found Ehiujuvu's Distillery.
 66884 | Depths:4 | Bought a potion of haste for 150 gold pieces
 66884 | Depths:4 | Bought a potion of haste for 150 gold pieces
 66884 | Depths:4 | Bought a potion of heal wounds for 75 gold pieces
 66884 | Depths:4 | Bought a potion of curing for 45 gold pieces
 66884 | Depths:4 | Bought a potion of might for 60 gold pieces
 66992 | Depths:4 | Found Ruonku's Gadget Shoppe.
 67436 | Depths:4 | Received a gift from Trog
 67639 | Depths:4 | Found Yscher's Weapon Emporium.
 67737 | Depths:4 | Found Ratud's General Store.
 67742 | Depths:4 | Found a gateway to a ziggurat.
 67775 | Depths:4 | Bought a potion of agility for 88 gold pieces
 67899 | Depths:4 | Received a gift from Trog
 67944 | Depths:5 | Entered Level 5 of the Depths
 68022 | Depths:5 | Noticed an ancient lich
 68030 | Depths:5 | Killed an ancient lich
 68243 | Depths:5 | Reached skill level 25 in Stealth
 68567 | Depths:5 | Found a gate to the Realm of Zot.
 68591 | Depths:5 | Received a gift from Trog
 69820 | Depths:5 | Noticed a juggernaut
 69956 | Depths:5 | Reached XP level 27. HP: 200/222 MP: 14/34
 70332 | Vaults:5 | Received a gift from Trog
 70339 | Vaults:5 | Killed newuser's ghost
 70493 | Vaults:5 | Got a silver rune of Zot
 70671 | Vaults:5 | Reached skill level 15 in Evocations
 70857 | Vaults:5 | Reached skill level 26 in Stealth
 70994 | Vaults:5 | Killed Reinor's ghost
 71188 | Vaults:5 | Got an uncursed crystal short sword {pierce}
 71189 | Vaults:5 | Identified the +6 short sword "Leviticus" {pierce, Int-4 Dex+6} (You took it off a yaktaur captain on level 5 of the Vaults)
 71465 | Vaults:5 | Received a gift from Trog
 72019 | Vaults:5 | Noticed Xtahua
 72028 | Vaults:5 | Killed Xtahua
 72069 | Vaults:5 | Got a sparkling ivory ring
 72070 | Vaults:5 | Identified the ring "Duhux" {rPois rF+ rN+ Int-5 Dex+4 Slay+5} (You found it on level 5 of the Vaults)
 72080 | Vaults:5 | Got a heavily runed tin ring
 72082 | Vaults:5 | Identified the ring "Puukhlos" {Wiz -Tele rC++ Dex+5} (You found it on level 5 of the Vaults)
 72438 | Zot:1    | Entered Level 1 of the Realm of Zot
 72628 | Depths:1 | Bought a +4 ring of slaying for 1326 gold pieces
 72636 | Depths:1 | Bought a box of beasts for 360 gold pieces
 72636 | Depths:1 | Bought a box of beasts for 360 gold pieces
 72636 | Depths:1 | Bought a sack of spiders for 360 gold pieces
 73089 | Zot:1    | Received a gift from Trog
 73095 | Zot:1    | Noticed an orb of fire
 73117 | Zot:1    | Killed an orb of fire
 73567 | Zot:1    | Received a gift from Trog
 73950 | Zot:1    | Reached skill level 15 in Shields
 74858 | Zot:5    | Entered Level 5 of the Realm of Zot
 74898 | Zot:3    | Found a glowing silver altar of Zin.
 75283 | Zot:3    | Reached skill level 27 in Stealth
 75321 | Zot:3    | Received a gift from Trog
 76961 | Zot:4    | Got a dazzling buckler
 76962 | Zot:4    | Identified the cursed -3 buckler "Decoj" {rPois rF+ rN+ Dex+3} (You found it on level 4 of the Realm of Zot)
 77278 | Zot:4    | Received a gift from Trog
 77575 | Zot:5    | Noticed an ancient lich
 77579 | Zot:5    | Killed an ancient lich
 77603 | Zot:5    | Received a gift from Trog
 77647 | Zot:5    | Noticed an ancient lich
 77657 | Zot:5    | Noticed an orb of fire
 77658 | Zot:5    | Gained mutation: You occasionally shout uncontrollably at your foes. [an orb of fire]
 77660 | Zot:5    | Killed an ancient lich
 77688 | Zot:5    | Lost mutation: You are robust. (+10% HP) [an orb of fire]
 77698 | Zot:5    | Killed an orb of fire
 77807 | Zot:5    | Noticed an ancient lich
 77822 | Zot:5    | Killed an ancient lich
 78049 | Zot:5    | Noticed an orb of fire
 78056 | Zot:5    | Killed an orb of fire
 78117 | Zot:5    | Noticed an orb of fire
 78136 | Zot:5    | Gained mutation: You are occasionally teleported next to monsters. [an orb of fire]
 78144 | Zot:5    | Killed an orb of fire
 78212 | Zot:5    | Noticed an orb of fire
 78495 | Zot:5    | Noticed an orb of fire
 78511 | Zot:5    | Lost mutation: Your muscles are strong. (Str +2) [an orb of fire]
 78520 | Zot:5    | Killed an orb of fire
 78667 | Zot:5    | Received a gift from Trog
 78680 | Zot:5    | Got the Orb of Zot
 78709 | Zot:5    | Gained mutation: Your body sometimes deteriorates upon taking damage. [an orb of fire]
 78859 | Zot:1    | Noticed Cont the pandemonium lord
 78907 | Depths:4 | Noticed Nitaluf the pandemonium lord
 78919 | Depths:4 | Noticed an ancient lich
 78922 | Depths:4 | Noticed Fayz the pandemonium lord
 79021 | Depths:4 | Killed Nitaluf the pandemonium lord
 79030 | Depths:4 | Killed an ancient lich
 79030 | Depths:4 | Received a gift from Trog
 79101 | Depths:1 | Noticed Zuceof the pandemonium lord
 79111 | Depths:1 | Killed Zuceof the pandemonium lord
 79151 | Depths:1 | Noticed Veroi the pandemonium lord
 79164 | Depths:1 | Killed Veroi the pandemonium lord
 79585 | D:$      | Escaped with the Orb!

Skill      XL: |  1  2  3  4  5  6  7  8  9 10 11 12 13 14 15 16 17 18 19 20 21 22 23 24 25 26 27 |
---------------+----------------------------------------------------------------------------------+-----
Stealth        | 1 2 3 4 6 7 9 10 11 12 13 14 15 17 18 19 20 22 23 25 27 | 27.0
Fighting       | 4 5 7 8 10 11 12 13 14 15 16 17 18 19 20 23 | 23.1
Long Blades    | 4 5 6 8 10 11 12 13 14 15 16 17 18 19 20 21 23 | 23.3
Dodging        | 4 5 6 7 8 9 10 11 12 13 14 15 16 17 18 19 22 | 22.2
Bows           | 1 3 5 6 7 8 9 10 11 12 13 | 13.2
Evocations     | 2 4 5 7 8 9 10 11 12 13 14 17 | 17.2
Shields        | 1 3 4 6 7 8 9 10 11 12 13 17 | 17.8

Action                   |  1- 3 |  4- 6 |  7- 9 | 10-12 | 13-15 | 16-18 | 19-21 | 22-24 | 25-27 || total
-------------------------+-------+-------+-------+-------+-------+-------+-------+-------+-------++-------
Melee: Falchion          |    57 |    68 |    81 |       |       |       |       |       |       ||   206
       Constrict         |    20 |    22 |    56 |    95 |   114 |    83 |   118 |   213 |   263 ||   984
       Tentacles         |    14 |    17 |    66 |   141 |   317 |   350 |   408 |   573 |  1076 ||  2962
       Long sword        |       |       |    93 |       |       |       |       |       |       ||    93
       Great sword       |       |       |    85 |   369 |   115 |       |       |       |       ||   569
       Double sword      |       |       |       |       |   591 |   776 |   980 |  1153 |  1199 ||  4699
       Triple sword      |       |       |       |       |    29 |       |       |       |       ||    29
       Scimitar          |       |       |       |       |    49 |    23 |    40 |     2 |       ||   114
       Demon blade       |       |       |       |       |       |       |       |       |   944 ||   944
 Fire: Shortbow          |       |       |       |    46 |       |     2 |       |       |       ||    48
Invok: Berserk           |       |     5 |     5 |    23 |    26 |    22 |    12 |    19 |    26 ||   138
       Trog's Hand       |       |       |     1 |     1 |     3 |     7 |     6 |    11 |    20 ||    49
       Brothers in Arms  |       |       |       |     1 |     4 |     2 |     6 |     4 |    13 ||    30
       Burn Spellbooks   |       |       |       |     1 |     2 |       |       |     4 |     5 ||    12
Evoke: Wand              |       |       |     1 |     4 |     3 |       |       |     3 |     6 ||    17
       Phial of floods   |       |       |       |       |       |     1 |     2 |       |     1 ||     4
       Lamp of fire      |       |       |       |       |       |       |       |       |     1 ||     1
  Use: Scroll            |       |       |    11 |       |    24 |    15 |     7 |    13 |    25 ||    95
       Potion            |       |       |     1 |       |     2 |     4 |     3 |    12 |    20 ||    42
 Stab: Sleeping          |     9 |     4 |    15 |    16 |    52 |    34 |    57 |    36 |    50 ||   273
       Distracted        |       |       |     3 |     1 |     5 |    12 |    16 |    18 |    37 ||    92
       Paralysed         |       |       |       |     2 |       |       |       |       |       ||     2
       Invisible         |       |       |       |       |       |       |       |     2 |       ||     2
       Confused          |       |       |       |       |       |       |       |       |     2 ||     2
  Eat: Chunk             |     1 |     9 |    19 |    54 |    57 |    48 |    11 |    24 |    13 ||   236
       Fruit             |       |       |     1 |       |    10 |       |     7 |    10 |    13 ||    41
       Royal jelly       |       |       |       |       |     3 |     2 |     2 |     1 |     7 ||    15
       Bread ration      |       |       |       |       |       |     1 |       |     2 |     9 ||    12
       Meat ration       |       |       |       |       |       |       |     6 |     4 |     6 ||    16
Armor: Skin              |     7 |     1 |     9 |    15 |    24 |    27 |    10 |    19 |    22 ||   134
Dodge: Dodged            |    37 |    43 |   201 |   326 |   562 |   472 |   487 |   581 |   910 ||  3619
Block: Buckler           |       |       |       |       |   180 |   199 |       |       |       ||   379
       Reflection        |       |       |       |       |       |    20 |    73 |    70 |    55 ||   218
       Shield            |       |       |       |       |       |   291 |   928 |  1005 |  1876 ||  4100
       Rpst.: Falchion   |    16 |     6 |    16 |       |       |       |       |       |       ||    38
       Long sword        |       |       |    22 |       |       |       |       |       |       ||    22
       Great sword       |       |       |    20 |   101 |    29 |       |       |       |       ||   150
       Triple sword      |       |       |       |       |    12 |       |       |       |       ||    12
       Double sword      |       |       |       |       |    95 |    79 |    82 |   121 |    80 ||   457
       Scimitar          |       |       |       |       |     9 |     5 |     2 |       |       ||    16
       Demon blade       |       |       |       |       |       |       |       |       |    61 ||    61
